 Dungeon Crawl Stone Soup version 0.23.0 (webtiles) character file.

Game seed: 833410052773902490

81 LostNumber the Insei (level 4, 0/37 HPs)
             Began as a Draconian Transmuter on Feb 11, 2019.
             Succumbed to an orc priest's poison
             ... on level 2 of the Dungeon.
             The game lasted 00:01:56 (724 turns).

LostNumber the Insei (Draconian Transmuter)          Turns: 724, Time: 00:01:57

Health: 0/37       AC:  2    Str: 12    XL:     4   Next: 19%
Magic:  0/7        EV: 26    Int: 14    God:
Gold:   90         SH:  0    Dex: 22    Spells: 1/7 levels left

rFire    . . .     SeeInvis .     - Unarmed
rCold    . . .     Gourm    .   (shield currently unavailable)
rNeg     . . .     Faith    .   (armour unavailable)
rPois    x         Spirit   .   (helmet currently unavailable)
rElec    .         Reflect  .   (cloak currently unavailable)
rCorr    .         Harm     .   (gloves currently unavailable)
MR       .....                  (boots currently unavailable)
Stlth    +++.......             (no amulet)
HPRegen  0.12/turn              (no ring)
MPRegen  0.10/turn              (no ring)

@: agile, lethally poisoned (0 -> -38), spider-form (expiring), very slightly
contaminated
A: tiny, unfitting armour, AC +5
a: End Transformation


You were on level 2 of the Dungeon.
You were not hungry.
You were a venomous arachnid creature.
You visited 1 branch of the dungeon, and saw 2 of its levels.

You collected 90 gold pieces.

Inventory:

Missiles
 a - 12 arrows
Armour
 c - a +0 pair of gloves
   (You found it on level 2 of the Dungeon)
Jewellery
 g - an uncursed ring of stealth {unknown}
   (You found it on level 1 of the Dungeon)
Scrolls
 b - a scroll of teleportation {unknown}
 d - a scroll of magic mapping {unknown}
Comestibles
 e - 2 rations {!d}


   Skills:
 + Level 2.3 Fighting
 + Level 2.5 Dodging
 * Level 4.2 Unarmed Combat
 - Level 2.0 Spellcasting
 - Level 2.0 Transmutations


You had one spell level left.
You knew the following spells:

 Your Spells              Type           Power        Failure   Level  Hunger
a - Beastly Appendage     Tmut           #.....       26%         1    ##.....
s - Sticks to Snakes      Tmut           #.......     34%         2    ###....
x - Spider Form           Tmut/Pois      #.........   65%         3    ####...

Your spell library contained the following spells:

 Spells                   Type           Power        Failure   Level  Hunger
 Ice Form                 Ice/Tmut       #.......     94%         4    #####..
 Blade Hands              Tmut           #.........   99%         5    ######.


Dungeon Overview and Level Annotations

Branches:
Dungeon (2/15)

Altars:


Innate Abilities, Weirdness & Mutations

((Your plain brown scales are hard. (AC +5)))
You cannot fit into any form of body armour.
((You are cold-blooded and may be slowed by cold attacks.))


Message History

Your transformation is almost over.
Memorise Sticks to Snakes, consuming 2 spell levels and leaving 3?
You start memorising the spell.
You continue memorising. x2
You finish memorising.
Spell assigned to 's'.
This spell is slightly dangerous to cast.
Memorise Spider Form, consuming 3 spell levels and leaving 0?
You start memorising the spell.
You continue memorising. x3
You finish memorising.
Spell assigned to 'x'.
Things that are here:
a +0 dagger; a +0 robe Your talons disappear.
An orc priest comes into view. It is wielding a +2 dagger of venom.
An orc priest is nearby!
An orc priest is nearby!
The orc priest shouts!
You hear a shout!
An orc comes into view. It is wielding a +0 club.
You start waiting.
The orc priest is too close now for your liking.
You miscast Spider Form.
You are very lightly contaminated with residual magic.
Your vision is briefly tinged with green.
The orc priest calls down the wrath of Beogh upon you.
Pain shoots through your body!
You turn into a venomous arachnid creature.
The orc priest hits you with a +2 dagger of venom.
You are lethally poisoned!
You hit the orc priest.
You feel sick.
The orc priest hits you with a +2 dagger of venom.
* * * LOW HITPOINT WARNING * * *
You are more poisoned.
You hit the orc priest.
* * * LOW HITPOINT WARNING * * *
You feel very sick.
You bite the orc priest!
The orc priest is poisoned.
* * * LOW HITPOINT WARNING * * *
You feel very sick.
You kill the orc priest!
Your Unarmed Combat skill increases to level 4!
You have reached level 4!
You feel agile.
* * * LOW HITPOINT WARNING * * *
You feel very sick.
There is a lethal amount of poison in your body!
Okay, then.
Okay, then.
Unknown command.
It was a potion of agility.
You feel agile all of a sudden.
Your transformation is almost over.
You die...

####### # #.....#### ..####
#........#####
......###.....##.)...## .
.##.......##########..#....
(..)...............o.......o
#####.......)#######...#.##
#..######..s...# ##....
#.############.## ##.#
##.......[...... .#
##...........# #
##..........# ##.........#
##........# ####..<..#
#.....#


There were no monsters in sight!

Vanquished Creatures
  An orc priest (D:2)
  An orc wizard (D:2)
  A dart slug (D:1)
  A giant cockroach (D:1)
  2 hobgoblins (D:1)
  4 jackals (D:1)
  3 kobolds (D:1)
  2 ball pythons (D:1)
  4 bats (D:1)
  A frilled lizard (D:1)
  3 goblins (D:1)
  A rat (D:1)
24 creatures vanquished.

Notes
Turn   | Place    | Note
-------+----------+-------------------------------------------
     0 | D:1      | LostNumber the Draconian Transmuter began the quest for the
                  | Orb.
     0 | D:1      | Reached XP level 1. HP: 16/16 MP: 3/3
   197 | D:1      | Reached XP level 2. HP: 22/23 MP: 3/5
   692 | D:2      | Reached XP level 3. HP: 29/29 MP: 4/6
   696 | D:2      | Learned a level 2 spell: Sticks to Snakes
   700 | D:2      | Learned a level 3 spell: Spider Form
   722 | D:2      | Reached skill level 4 in Unarmed Combat
   722 | D:2      | Reached XP level 4. HP: 6/37 MP: 0/7
   724 | D:2      | Succumbed to an orc priest's poison

Skill      XL: |  1  2  3 |
---------------+----------+-----
Dodging        | 2 |  2.5
Fighting       | 2 |  2.3
Unarmed Combat | 4 |  4.2
Spellcasting   | |  2.0
Transmutations | |  2.0

Action                   |  1- 3 |  4- 6 || total
-------------------------+-------+-------++-------
Melee: Unarmed           |    70 |       ||    70
       Tailslap          |     4 |       ||     4
       Kick              |     3 |       ||     3
 Cast: Beastly Appendage |    14 |       ||    14
       Spider Form       |     1 |       ||     1
  Use: Potion            |       |     1 ||     1
 Stab: Sleeping          |     1 |       ||     1
Armor: Skin              |    31 |       ||    31
Dodge: Dodged            |    42 |       ||    42
